 Dungeon Crawl Stone Soup version 0.25.0-9-g26727b657a (webtiles) character file.

Game seed: 3821690642222798798

1694 Esekla the Carver (level 9, -2/78 HPs)
             Began as a Naga Skald on June 19, 2020.
             Slain by a bullfrog (6 damage)
             ... on level 8 of the Dungeon.
             The game lasted 00:29:57 (4695 turns).

Esekla the Carver (Naga Skald)                      Turns: 4695, Time: 00:29:58

Health: -2/78      AC:  9    Str: 13    XL:     9   Next: 2%
Magic:  12/12      EV: 10    Int: 18    God:
Gold:   233        SH:  0    Dex: 10    Spells: 8/13 levels left

rFire    . . .     SeeInvis +   a - +0 falchion
rCold    . . .     Gourm    .   (no shield)
rNeg     + . .     Faith    .   r - +1 robe {rN+}
rPois    +         Spirit   .   h - +1 helmet
rElec    .         Reflect  .   p - +0 cloak
rCorr    .         Harm     .   s - +0 pair of gloves
MR       +....                  (no barding)
Stlth    ++........             (no amulet)
HPRegen  0.23/turn              (no ring)
MPRegen  0.13/turn              (no ring)

@: short of breath, very slow
A: large, see invisible, deformed body, poison resistance, slowness 2, slow
metabolism 1, spit poison 1, AC +3
a: Spit Poison


You were on level 8 of the Dungeon.
You were hungry.

You visited 1 branch of the dungeon, and saw 8 of its levels.

You collected 233 gold pieces.

Inventory:

Hand Weapons
 a - a +0 falchion (weapon)
 b - a +2 hand axe of venom
 c - a +0 short sword
 m - a +0 dagger of venom
 u - a +1 short sword of draining
Missiles
 o - 2 boomerangs (quivered)
Armour
 h - a +1 helmet (worn)
 p - a +0 cloak (worn)
 r - a +1 robe of positive energy (worn)
 s - a +0 pair of gloves (worn)
Wands
 j - a wand of enslavement (10)
 q - a wand of polymorph (12)
Scrolls
 e - 3 scrolls of remove curse
 v - a scroll of teleportation {unknown}
 w - a scroll of random uselessness {unknown}
Potions
 f - a potion of flight
 g - a potion of lignification
 i - a potion of cancellation {unknown}
 k - a potion of ambrosia {unknown}
 l - a potion of haste {unknown}
 n - 2 potions of brilliance
 t - a potion of stabbing {unknown}
Comestibles
 d - 6 rations


   Skills:
 + Level 4.0 Fighting
 * Level 8.5 Long Blades
 - Level 0.7 Armour
 + Level 3.3 Dodging
 + Level 3.5 Stealth
 + Level 2.5 Spellcasting
 - Level 3.0 Charms
 * Level 4.3 Translocations


You had 8 spell levels left.
You knew the following spells:

 Your Spells              Type           Power        Failure   Level  Hunger
a - Infusion              Chrm           ##..         4%          1    #......
b - Shroud of Golubria    Chrm/Tloc      ###...       6%          2    ##.....
c - Song of Slaying       Chrm           ##......     8%          2    ##.....

Your spell library contained the following spells:

 Spells                   Type           Power        Failure   Level  Hunger
 Ozocubu's Armour         Chrm/Ice       #.......     28%         3    ###....
 Spectral Weapon          Hex/Chrm       #.......     28%         3    ###....


Dungeon Overview and Level Annotations

Branches:
Dungeon (8/15)
 Temple: D:4-7         Lair: D:8-11

Altars:

Annotations:
D:5 1 runed translucent door, Crazy Yiuf, Edmund, Ijyb


Innate Abilities, Weirdness & Mutations

You cannot wear boots.
Your serpentine skin is tough. (AC +3)
You have supernaturally acute eyesight. (SInv)
Armour fits poorly on your strangely shaped body.
Your system is resistant to poisons. (rPois)
You cover ground very slowly.
You have a slow metabolism.
You can spit poison.


Message History

You barely miss the howler monkey.
The howler monkey is almost dead.
You kill the howler monkey!
Okay, then.
You barely miss the bullfrog.
The bullfrog hits you but does no damage.
You barely miss the bullfrog.
You have got your breath back.
The bullfrog barely misses you.
Press: ? - help, Shift-Dir - straight line, f - bullfrog
Aim: a bullfrog The splash of poison hits the bullfrog!
The bullfrog is poisoned.
The bullfrog is heavily wounded.
You feel slightly more hungry. The bullfrog hits you.
* * * LOW HITPOINT WARNING * * *
The bullfrog hits you but does no damage.
You hit the bullfrog.
The bullfrog is almost dead.
The bullfrog hits you.
You die...

### #.. ... #.#
### #.# ##...
#.# #
......#.###...#
.......@†.....#
......#F###.###
##... #.# ....
#.# ... ... .#
###


You could see a bullfrog (poisoned).

Vanquished Creatures
  Pikel (D:5)
  Eustachio (D:4)
  Menkaure (D:5)
  2 ogres (D:5)
  A centaur (D:6)
  3 scorpions
  A howler monkey (D:8)
  2 crimson imps (D:5)
  3 hounds
  A jelly (D:5)
  An orc wizard (D:7)
  An iguana (D:4)
  8 worker ants
  4 adders
  A shadow imp (D:5)
  An adder zombie (D:5)
  An adder skeleton (D:4)
  A worm (D:2)
  3 dart slugs (D:1)
  3 leopard geckos
  6 orcs (D:4)
  6 bats
  3 giant cockroaches
  8 goblins
  4 hobgoblins
  4 jackals (D:2)
  A ball python (D:4)
  3 frilled lizards
  A jackal skeleton (D:4)
  3 kobolds (D:1)
  3 rats
82 creatures vanquished.

Vanquished Creatures (others)
  4 slaves (D:5)
  A wyvern skeleton (D:5)
  A shadow imp (D:5)
  A jackal skeleton (D:5)
7 creatures vanquished.

Grand Total: 89 creatures vanquished

Notes
Turn   | Place    | Note
-------+----------+-------------------------------------------
     0 | D:1      | Esekla the Naga Skald began the quest for the Orb.
     0 | D:1      | Reached XP level 1. HP: 19/19 MP: 3/3
   361 | D:1      | Reached XP level 2. HP: 24/26 MP: 5/5
   378 | D:1      | Learned a level 2 spell: Shroud of Golubria
   381 | D:1      | Learned a level 2 spell: Song of Slaying
   615 | D:2      | Reached XP level 3. HP: 9/33 MP: 6/6
  1236 | D:1      | Reached skill level 1 in Translocations
  1757 | D:4      | Reached skill level 3 in Long Blades
  1757 | D:4      | Reached XP level 4. HP: 39/40 MP: 7/7
  1759 | D:4      | Noticed a centaur
  1789 | D:4      | Reached skill level 1 in Stealth
  1789 | D:4      | Reached XP level 5. HP: 34/48 MP: 8/8
  2515 | D:4      | Reached skill level 4 in Long Blades
  2809 | D:4      | Noticed Eustachio
  2834 | D:4      | Reached XP level 6. HP: 35/56 MP: 6/9
  2880 | D:4      | Killed Eustachio
  2880 | D:4      | Reached skill level 5 in Long Blades
  3069 | D:5      | Entered Level 5 of the Dungeon
  3100 | D:5      | Noticed Pikel
  3100 | D:5      | Noticed a slave
  3102 | D:5      | Noticed a slave
  3112 | D:5      | HP: 3/84 [Pikel/+2 whip of electrocution (8)]
  3114 | D:5      | Noticed a slave
  3116 | D:5      | Killed Pikel
  3116 | D:5      | Reached skill level 6 in Long Blades
  3116 | D:5      | Reached XP level 7. HP: 5/62 MP: 10/10
  3116 | D:5      | Reached XP level 8. HP: 6/70 MP: 11/11
  3421 | D:6      | Reached skill level 7 in Long Blades
  3741 | D:5      | Noticed Menkaure
  3755 | D:5      | Killed Menkaure
  3873 | D:5      | Noticed Edmund
  3979 | D:5      | Found a runed translucent door.
  4005 | D:5      | Noticed Ijyb
  4151 | D:5      | Noticed Crazy Yiuf
  4298 | D:5      | Reached skill level 8 in Long Blades
  4676 | D:7      | Reached XP level 9. HP: 11/78 MP: 12/12
  4695 | D:8      | Slain by a bullfrog

Illustrated notes

Levels and vault maps discovered:
D:1:      nagdon_arrival_zigzag_paths, layout_basic
D:2:      layout_basic, amethyst_overflow_temple_binary
D:3:      layout_loops_ring, grunt_qazlal_clouds
D:4:      layout_basic, uniq_eustachio
D:5:      layout_loops_ring, first_ration, serial_shops, shop_statue,
          uniq_menkaure, uniq_edmund, uniq_grinder, uniq_pikel, uniq_ijyb,
          uniq_crazy_yiuf_cottage
D:6:      layout_loops_cross, minmay_temple_entry_wispy, uniq_duvessa
D:7:      kennysheep_housing_project, layout_rooms,
          nicolae_overflow_hidden_temple, trog_ov_bears_minmay, basic_altar
D:8:      black_bear_nest_2, layout_loops_ring, dpeg_oklobed_lair

Skill      XL: |  1  2  3  4  5  6  7  8 |
---------------+-------------------------+-----
Translocations | 1 3 4 |  4.3
Long Blades    | 3 4 6 8 |  8.5
Dodging        | 2 3 |  3.3
Stealth        | 1 2 3 |  3.5
Fighting       | 3 4 |  4.0
Armour         | |  0.7
Spellcasting   | |  2.5
Charms         | |  3.0

Action                   |  1- 3 |  4- 6 |  7- 9 || total
-------------------------+-------+-------+-------++-------
Melee: Falchion          |    73 |   127 |   152 ||   352
       Unarmed           |       |     5 |       ||     5
Throw: Boomerang         |       |     1 |     2 ||     3
 Cast: Song of Slaying   |       |     1 |     1 ||     2
       Shroud of Golubri |       |     1 |       ||     1
 Abil: Spit Poison       |    23 |    24 |    20 ||    67
  Use: Scroll            |     1 |     4 |       ||     5
       Potion            |       |     1 |     1 ||     2
 Stab: Sleeping          |     2 |       |     1 ||     3
       Confused          |       |     1 |       ||     1
  Eat: Chunk             |     2 |     6 |     5 ||    13
Armor: Leather armour    |    22 |       |       ||    22
       Robe              |     3 |    40 |    53 ||    96
       Skin              |       |     6 |     5 ||    11
Dodge: Dodged            |    48 |    82 |    66 ||   196
       Rpst.: Falchion   |    18 |     9 |    19 ||    46
